 Dungeon Sprint DCSS version 0.23.2-30-g0e89c35649 (webtiles) character file.

Game seed: 5795522618283485067

1442 HASTUR3 the Spry (level 8, -12/62 HPs)
             Began as a Demonspawn Chaos Knight on June 17, 2019.
             Was a Plaything of Xom.
             Mangled by a two-headed ogre
             ... wielding a +0 giant club
              (16 damage)
             ... in the Dungeon (Sprint III: "The Ten Rune Challenge").
             The game lasted 00:06:05 (1021 turns).

HASTUR3 the Spry (Demonspawn Chaos Knight)          Turns: 1021, Time: 00:06:07

Health: -12/62     AC:  5    Str: 15    XL:     8   Next: 46%
Magic:  9/9        EV: 20    Int: 14    God:    Xom [.....*]
Gold:   27         SH:  0    Dex: 12    Spells: 7/7 levels left

rFire    . . .     SeeInvis .     - Unarmed
rCold    . . .     Gourm    .   (no shield)
rNeg     . . .     Faith    .   a - +2 leather armour
rPois    .         Spirit   .   (helmet restricted)
rElec    .         Reflect  .   (no cloak)
rCorr    .         Harm     .   (no gloves)
MR       .....     NoTele   +   (no boots)
Stlth    +.........             (no amulet)
HPRegen  0.20/turn              (no ring)
MPRegen  0.11/turn              (no ring)

@: no status effects
A: antennae 1, hooves 2, powered by death 1, powered by pain 1, evolution 1, no
potion heal 1
a: Renounce Religion


You were in the Dungeon.
You worshipped Xom.
You were Xom's teddy bear.
You were not hungry.

You visited 1 branch You collected 27 gold pieces.

Inventory:

Armour
 a - a +2 leather armour (worn)
Wands
 o - a wand of flame (9)
Scrolls
 e - a scroll of identify {unknown}
 h - a scroll of blinking
 j - a scroll of torment {unknown}
 k - 4 scrolls of remove curse
 l - a scroll of immolation {unknown}
 m - a scroll of enchant weapon {unknown}
Potions
 f - 3 potions of magic
 i - 2 potions of mutation
 n - a potion of flight {unknown}
Miscellaneous
 c - a crystal ball of energy
Comestibles
 b - 5 rations
 d - 4 chunks of flesh


   Skills:
 - Level 5.1 Fighting
 - Level 1.7 Armour
 - Level 15.1 Dodging
 + Level 5.9 Unarmed Combat
 - Level 2.3 Evocations


You had 7 spell levels left.
You didn't know any spells.
Your spell library contained the following spells:

 Spells                   Type           Power        Failure   Level  Hunger
 Magic Dart               Conj           #...         34%         1    ##.....
 Blink                    Tloc           N/A          47%         2    ###....
 Call Imp                 Summ           #.......     47%         2    ###....
 Slow                     Hex            #.......     47%         2    ###....
 Conjure Flame            Conj/Fire      #.......     71%         3    ####...
 Mephitic Cloud           Conj/Pois/Air  #.......     71%         3    ####...


Dungeon Overview and Level Annotations

Branches:
Dungeon (1/1)

Altars:
Cheibriados
Dithmenos
Elyvilon
Fedhas
Gozag
Hepliaklqana
Kikubaaqudgha
Makhleb
Nemelex Xobeh
Okawaru
Qazlal
Ru
Sif Muna
Trog
Uskayaw
Vehumet
Wu Jian
Xom
Yredelemnul
Zin
The Shining One
Beogh
Jiyva
Lugonu


Innate Abilities, Weirdness & Mutations

You have a pair of small antennae on your head.
You have hoof-like feet.
You regenerate a little health from kills.
You sometimes gain a little power by taking damage.
You evolve.
Potions are less effective at restoring your health.


Message History

You feel yourself slow down.
There is an open door here.
e - a scroll labeled KYSTRENNIXIS You are feeling hungry.
Things that are here:
a +0 club; a +0 robe
There is an open door here.
Eat one of 5 chunks of flesh? (ye/n/q)
You eat one of the 5 chunks of flesh.
This raw flesh tastes terrible.
There is an open door here.
You close the door.
You start resting.
A two-headed ogre opens the door.
It is wielding a +0 giant club and a -3 dire flail.
You barely miss the two-headed ogre. You kick the two-headed ogre.
The two-headed ogre is almost dead.
The two-headed ogre hits you with a +0 giant club!!
* * * LOW HITPOINT WARNING * * *
The two-headed ogre hits you with a cursed -3 dire flail!
You die...
Xom cackles wildly!

▓▓▓▓▓▓▓▓▓▓▓▓ ▓▓▓
▓<.#..'....♣♣♣ ♣.#
▓.@#..#....♣.♣ ♣.#
▓#O####......♣ ♣.#
▓.....#....≈♣♣♣♣♣.#
▓.....#...≈≈♣..♣..#
▓.....#..≈≈≈≈♣♣♣..'
▓####'#..≈≈≈≈≈≈♣..#
▓...).#.≈≈≈≈≈≈....#
▓.....#.≈≈≈≈≈.....#
▓.....#.≈≈≈.......#


You could see a two-headed ogre.

Vanquished Creatures
  A deep elf mage (D)
  A shadow (D)
  A spatial vortex (D)
  A necrophage (D)
  2 two-headed ogres (D)
  A water elemental (D)
  A scorpion (D)
  A wizard (D)
  A jelly (D)
  Jessica (D)
  A necromancer (D)
  3 humans (D)
  A kobold demonologist (D)
  An ooze (D)
  2 rats (D)
19 creatures vanquished.

Vanquished Creatures (others)
  2 draconian scorchers (D)
  6 hellions (D)
  A yaktaur (D)
  6 plants (D)
15 creatures vanquished.

Grand Total: 34 creatures vanquished

Notes
Turn   | Place    | Note
-------+----------+-------------------------------------------
     0 | D        | HASTUR3 the Demonspawn Chaos Knight began the quest for the
                  | Orb.
     0 | D        | Reached XP level 1. HP: 18/18 MP: 1/1
    16 | D        | Reached skill level 2 in Dodging
    23 | D        | Noticed Jessica
    25 | D        | XOM: potion effect (agility)
    37 | D        | XOM: potion effect (might)
    38 | D        | Killed Jessica
    38 | D        | Reached skill level 5 in Dodging
    38 | D        | Gained mutation: You sometimes gain a little power by
                  | taking damage. [demonic ancestry]
    38 | D        | Reached XP level 2. HP: 21/24 MP: 2/2
    38 | D        | Reached XP level 3. HP: 26/29 MP: 3/3
    54 | D        | XOM: potion effect (heal wounds)
    57 | D        | XOM: potion effect (invisibility)
    61 | D        | Reached skill level 6 in Dodging
    64 | D        | Noticed a scorpion
    70 | D        | Killed a scorpion
    70 | D        | Reached skill level 8 in Dodging
    70 | D        | Reached XP level 4. HP: 35/35 MP: 4/4
    85 | D        | Noticed a water elemental
    87 | D        | XOM: potion effect (brilliance)
    92 | D        | Killed a water elemental
    92 | D        | Reached skill level 9 in Dodging
    92 | D        | Gained mutation: You have large cloven feet. [demonic
                  | ancestry]
    92 | D        | Reached XP level 5. HP: 23/41 MP: 5/5
    96 | D        | Found a glowing silver altar of Zin.
    97 | D        | Found a glowing golden altar of the Shining One.
    97 | D        | Found a white marble altar of Elyvilon.
    97 | D        | Noticed a deep elf mage
   111 | D        | Killed a deep elf mage
   111 | D        | Reached skill level 13 in Dodging
   111 | D        | Gained mutation: You regenerate a little health from kills.
                  | [demonic ancestry]
   111 | D        | Reached XP level 6. HP: 25/47 MP: 6/6
   111 | D        | Gained mutation: You have a pair of small antennae on your
                  | head. [demonic ancestry]
   111 | D        | Reached XP level 7. HP: 28/52 MP: 7/7
   123 | D        | Killed a hellion
   136 | D        | Killed a hellion
   154 | D        | Gained mutation: Potions are less effective at restoring
                  | your health. [potion of mutation]
   154 | D        | Gained mutation: You have hoof-like feet. [potion of
                  | mutation]
   154 | D        | Gained mutation: You evolve. [potion of mutation]
   159 | D        | Killed a hellion
   160 | D        | Killed a hellion
   160 | D        | Killed a hellion
   192 | D        | Killed a yaktaur
   205 | D        | Found a radiant altar of Vehumet.
   206 | D        | Found a deep blue altar of Sif Muna.
   206 | D        | Found an ancient bone altar of Kikubaaqudgha.
   207 | D        | Noticed a smoke demon
   213 | D        | Killed a white draconian scorcher
   216 | D        | Killed a white draconian scorcher
   229 | D        | Killed a hellion
   243 | D        | Found a hide-covered altar of Uskayaw.
   243 | D        | Found a roughly hewn altar of Beogh.
   243 | D        | Found an iron altar of Okawaru.
   243 | D        | Found a bloodstained altar of Trog.
   243 | D        | Found an ornate altar of the Wu Jian Council.
   243 | D        | Noticed a human
   244 | D        | XOM: potion effect (might)
   244 | D        | Noticed a human
   251 | D        | Killed a human
   251 | D        | Reached skill level 14 in Dodging
   264 | D        | Killed a human
   535 | D        | Found a basalt altar of Yredelemnul.
   535 | D        | Found a shadowy altar of Dithmenos.
   535 | D        | Found a sacrificial altar of Ru.
   543 | D        | XOM: potion effect (haste)
   555 | D        | Reached skill level 15 in Dodging
   555 | D        | Reached XP level 8. HP: 44/58 MP: 8/8
   587 | D        | XOM: potion effect (agility)
   595 | D        | Reached skill level 1 in Evocations
   844 | D        | Found a blossoming altar of Fedhas.
   844 | D        | Found a stormy altar of Qazlal.
   845 | D        | Found a snail-covered altar of Cheibriados.
   845 | D        | Found a burning altar of Makhleb.
   845 | D        | Found a hazy altar of Hepliaklqana.
   845 | D        | Found a shimmering altar of Xom.
   845 | D        | Found an opulent altar of Gozag.
   845 | D        | Found a sparkling altar of Nemelex Xobeh.
   845 | D        | Found a corrupted altar of Lugonu.
   845 | D        | Found a viscous altar of Jiyva.
   861 | D        | Reached skill level 5 in Fighting
   887 | D        | XOM: potion effect (agility)
   888 | D        | Reached skill level 5 in Unarmed Combat
   935 | D        | Noticed a two-headed ogre
   951 | D        | XOM: butterfly on damage
  1021 | D        | Mangled by a two-headed ogre

Skill      XL: |  1  2  3  4  5  6  7  8 |
---------------+-------------------------+-----
Dodging        | 5 8 9 13 15 | 15.1
Fighting       | 5 |  5.1
Unarmed Combat | 5 |  5.9
Evocations     | 2 |  2.3
Armour         | |  1.7

Action                   |  1- 3 |  4- 6 |  7- 9 || total
-------------------------+-------+-------+-------++-------
Melee: Unarmed           |    38 |    19 |    98 ||   155
       Kick              |       |     7 |    35 ||    42
       Punch             |       |       |     2 ||     2
Evoke: Wand              |       |       |     1 ||     1
  Use: Potion            |       |       |     7 ||     7
 Stab: Invisible         |     2 |     2 |       ||     4
       Sleeping          |       |     1 |       ||     1
  Eat: Chunk             |       |       |     1 ||     1
Armor: Leather armour    |     1 |       |     5 ||     6
Dodge: Dodged            |    26 |    11 |    54 ||    91
